 Dungeon Crawl Stone Soup version 0.25.0-9-g26727b657a (webtiles) character file.

Game seed: 9333764973233288504

6 mortelune the Grasshopper (level 1, -3/18 HPs)
             Began as a Ghoul Warper on June 20, 2020.
             Slain by a leopard gecko (4 damage)
             ... on level 1 of the Dungeon.
             The game lasted 00:00:53 (388 turns).

mortelune the Grasshopper (Ghoul Warper)             Turns: 388, Time: 00:00:53

Health: -3/18      AC:  3    Str: 14    XL:     1   Next: 90%
Magic:  2/2        EV: 11    Int:  8    God:
Gold:   5          SH:  0    Dex:  8    Spells: 3/3 levels left

rFire    . . .     SeeInvis .     - Unarmed
rCold    + . .     Gourm    .   (no shield)
rNeg     + + +     Faith    .   a - +0 leather armour
rPois    ∞         Spirit   .   (no helmet)
rElec    .         Reflect  .   (no cloak)
rCorr    .         Harm     .   (no gloves)
MR       .....                  (no boots)
Stlth    +.........             (no amulet)
HPRegen  0.00/turn              (no ring)
MPRegen  0.08/turn              (no ring)

@: rotting
A: rotting body, claws 1, carnivore, cold resistance 1, negative energy
resistance 3, inhibited regeneration, torment resistance, unbreathing
a: no special abilities


You were on level 1 of the Dungeon.
You were not hungry.

You visited 1 branch of the dungeon, and saw 1 of its levels.

You collected 5 gold pieces.

Inventory:

Missiles
 d - 2 boomerangs of dispersal (quivered)
Armour
 a - a +0 leather armour (worn)
Scrolls
 B - a scroll of blinking
Comestibles
 f - a ration


   Skills:
 + Level 2.4 Fighting
 - Level 0.8 Throwing
 + Level 1.1 Armour
 - Level 1.7 Dodging
 + Level 2.4 Unarmed Combat
 - Level 1.7 Spellcasting
   Level 2.6 Translocations


You had 3 spell levels left.
You didn't know any spells.
Your spell library contained the following spells:

 Spells                   Type           Power        Failure   Level  Hunger
 Blink                    Tloc           N/A          22%         2    ###....
 Shroud of Golubria       Chrm/Tloc      #.....       36%         2    ###....
 Gell's Gravitas          Tloc           #.........   41%         3    ####...
 Lesser Beckoning         Tloc           #.........   41%         3    ####...
 Teleport Other           Tloc           #.......     41%         3    ####...
 Passage of Golubria      Tloc           N/A          83%         4    #####..


Dungeon Overview and Level Annotations

Branches:
Dungeon (1/15)

Altars:


Innate Abilities, Weirdness & Mutations

Your body is rotting away.
You thrive on raw meat.
You are immune to poison.
You have sharp fingernails.
You are carnivorous and can eat meat at any time.
Your flesh is cold resistant. (rC+)
You are immune to negative energy. (rN+++)
You do not regenerate when monsters are visible.
You are immune to unholy pain and torment.
You can survive without breathing.


Message History

Press: ? - help, Shift-Dir - straight line, f - leopard gecko
Aim: a leopard gecko You throw a boomerang of dispersal.
The boomerang of dispersal hits the leopard gecko.
The leopard gecko blinks!
The leopard gecko is heavily wounded.
Throwing (i - inventory)
d - 4 boomerangs of dispersal (quivered)
Press: ? - help, Shift-Dir - straight line, f/p - leopard gecko
Aim: a leopard gecko (heavily wounded)
You throw a boomerang of dispersal.
The boomerang of dispersal hits the leopard gecko.
The leopard gecko blinks!
The leopard gecko is almost dead.
Throwing (i - inventory)
d - 3 boomerangs of dispersal (quivered)
Press: ? - help, Shift-Dir - straight line, f/p - leopard gecko
Aim: a leopard gecko (almost dead)
You throw a boomerang of dispersal.
The boomerang of dispersal closely misses the leopard gecko.
The leopard gecko bites you.
You die...

#.........# #.....÷...######
########### +...............
..........# #.........#####
..........# ########..#######
..........#####.............#
..........l§..#.#####'#####.#
..........###l#l#PPP#.#PPP#.#
..........# #.#@#P⌠P#.#P⌠P#.#
.........l# #.#.#PPP#.#PPP#.#
..........# #...#####.#####.#
..........# #...+....<....+..
........... #.#.#####.#####..
............#.#.#PPP#.#PPP#.#
###.###...(.#.#.#P⌠P#.#P⌠P#.#
#. #.....#.#.#PPP#.#PPP#.#
#.#.#####+#####.#


You could see a leopard gecko.

Vanquished Creatures
  An ooze (D:1)
  A hobgoblin (D:1)
2 creatures vanquished.

Notes
Turn   | Place    | Note
-------+----------+-------------------------------------------
     0 | D:1      | mortelune the Ghoul Warper began the quest for the Orb.
     0 | D:1      | Reached XP level 1. HP: 17/17 MP: 2/2
    11 | D:1      | Reached skill level 1 in Armour
   388 | D:1      | Slain by a leopard gecko

Illustrated notes

Levels and vault maps discovered:
D:1:      beargit_arrival_greenhouse, layout_basic, minmay_domino_2

Skill      XL: |  1 |
---------------+----+-----
Armour         | 1 |  1.1
Fighting       | |  2.4
Throwing       | |  0.8
Dodging        | |  1.7
Unarmed Combat | |  2.4
Spellcasting   | |  1.7
Translocations | |  2.6

Action                   || total
-------------------------++-------
Melee: Unarmed           ||     9
Throw: Boomerang         ||     3
Dodge: Dodged            ||     3
